 Dungeon Crawl Stone Soup version 0.18-a0-327-gb1de508 (webtiles) character file.

106 Duffy the Conjurer (level 4, 24/24 HPs)
             Began as a Tengu Conjurer on Nov 27, 2015.
             Quit the game on level 2 of the Dungeon.
             The game lasted 00:04:01 (3234 turns).

Duffy the Conjurer (Tengu Conjurer)                 Turns: 3234, Time: 00:04:01

Health: 24/24      AC:  2    Str:  8    XL:     4   Next: 84%
Magic:  10/10      EV: 13    Int: 13    God:
Gold:   120        SH:  0    Dex: 17    Spells: 3 memorised, 3 levels left

rFire  . . .     SeeInvis .     (no weapon)
rCold  . . .     Clarity  +     a - +0 robe
rNeg   . . .     SustAt   .     (no shield)
rPois  .         Gourm    .     (helmet restricted)
rElec  .         Spirit   .     (no cloak)
rCorr  .         Warding  .     (no gloves)
rMut   .         Stasis   .     (boots unavailable)
MR     .....                    d - amulet of clarity
Stlth  ++........               t - -3 ring of intelligence (curse)
                                n - +2 ring of dexterity

@: not resistant to hostile enchantments, unstealthy
A: beak, talons 3
a: no special abilities


You were on level 2 of the Dungeon.
You were not hungry.

You visited 1 branch of the dungeon, and saw 2 of its levels.

You collected 120 gold pieces.


Innate Abilities, Weirdness & Mutations

You have a beak for a mouth.
You have claws for feet.


   Skills:
 - Level 2.1 Dodging
 - Level 2.0 Stealth
 + Level 3.6 Spellcasting
 + Level 6.6 Conjurations


You had 3 spell levels left.
You knew the following spells:

 Your Spells              Type           Power        Failure   Level  Hunger
a - Magic Dart            Conj           ###.         1%          1    #......
c - Iskenderun's Mystic   Conj           ###.....     14%         4    #####..
s - Searing Ray           Conj           ###...       1%          2    ##.....

Inventory:

Armour
 a - a +0 robe (worn)
Jewellery
 d - an amulet of clarity (around neck)
 k - an uncursed amulet of stasis
 n - a +2 ring of dexterity (left hand)
 t - a cursed -3 ring of intelligence (right hand)
Scrolls
 e - 2 scrolls of identify {unknown}
 f - 2 scrolls of random uselessness {unknown}
 g - 2 scrolls of remove curse {unknown}
 q - a scroll of teleportation {unknown}
 r - a scroll of enchant weapon {unknown}
Potions
 h - 2 potions of might {unknown}
 i - 2 potions of ambrosia {unknown}
 j - a potion of heal wounds {unknown}
 l - a potion of degeneration {unknown}
 m - a potion of lignification {unknown}
 p - a potion of haste {unknown}
 s - a potion of magic {unknown}
Books
 b - a book of Conjurations
Comestibles
 c - 3 bread rations

Dungeon Overview and Level Annotations

Branches:
Dungeon (2/15)

Altars:
Xom


Message History

Aim: a goblin The magic dart hits the goblin.
You kill the goblin!
Cast which spell? (? or * to list)
You can't see any susceptible monsters within range! (Use Z to cast anyway.) Cast which spell? (? or * to list)
You can't see any susceptible monsters within range! (Use Z to cast anyway.) Magic restored.
A bat comes into view.
A bat is nearby!
Cast which spell? (? or * to list)
Aiming: Magic Dart
Press: ? - help, Shift-Dir - straight line, f - bat
Aim: a bat The magic dart hits the bat.
You kill the bat!
Cast which spell? (? or * to list)
You can't see any susceptible monsters within range! (Use Z to cast anyway.) Cast which spell? (? or * to list)
You can't see any susceptible monsters within range! (Use Z to cast anyway.) Cast which spell? (? or * to list)
You can't see any susceptible monsters within range! (Use Z to cast anyway.)
Found a shimmering altar of Xom.
Things that are here:
a hunting sling; 18 stones; a goblin corpse
t - a gilded ring Put on which piece of jewellery? (? for menu, Esc to quit)
You feel stupid.
Oops, that ring feels deathly cold.
t - a cursed -3 ring of intelligence (right hand) All of the chunks of flesh in your inventory have rotted away.
There is a shimmering altar of Xom here.
Done exploring.
Done exploring.
Are you sure you want to abandon this character and quit the game? (Confirm with "yes".)

#......... ###########
#......... #.........#
#......... #.........#
#......... #.........#
##.##....# #.........#
#.##....# #.........#
#.##....# #.........#
#.##....# #....@....#
#.##....#
######.#'#####.##....#
#....<..[....##....#
#.##.##########....#
#.........### #....#
###.####....# #....#
#########.#.......#
######
#.........#..#....#
#.####.##.#..#....#


There were no monsters in sight!

Action                   |  1- 3 |  4- 6 || total
-------------------------+-------+-------++-------
Melee: Unarmed           |       |     2 ||     2
 Cast: Magic Dart        |    66 |    65 ||   131
       Searing Ray       |     3 |     2 ||     5
  Eat: Chunk             |     3 |     5 ||     8

Notes
Turn   | Place    | Note
--------------------------------------------------------------
     0 | D:1      | Duffy the Tengu Conjurer began the quest for the Orb.
     0 | D:1      | Reached XP level 1. HP: 10/10 MP: 4/4
   231 | D:1      | Reached XP level 2. HP: 15/15 MP: 0/6
   322 | D:1      | Learned a level 2 spell: Searing Ray
   587 | D:1      | Reached XP level 3. HP: 19/19 MP: 3/7
   996 | D:1      | Reached skill level 6 in Conjurations
  1577 | D:2      | Reached skill level 3 in Spellcasting
  1605 | D:2      | Reached XP level 4. HP: 24/24 MP: 3/9
  1668 | D:2      | Learned a level 4 spell: Iskenderun's Mystic Blast
  1921 | D:2      | Noticed Robin
  2452 | D:2      | Killed Robin
  3191 | D:2      | Found a shimmering altar of Xom.
  3234 | D:2      | Quit the game

Vault maps used:
D:1:      lemuel_arrival_tunnels
D:2:      lemuel_round_altar, minmay_three_crescents, uniq_robin

Vanquished Creatures
  Robin
  A gnoll
  An adder
  3 worms
  7 giant cockroaches
  19 goblins
  8 hobgoblins
  3 jackals
  5 kobolds
  9 bats
  3 giant newts
  7 rats
67 creatures vanquished.
